 Dungeon Sprint DCSS version 0.26.1-11-gd32895ea62 (webtiles) character file.

Game seed: 2622810995410155008

450 Zeld the Cleaver (level 6, 0/36 (62) HPs)
             Began as a Minotaur Berserker on June 14, 2021.
             Was a Believer of Trog.
             Slain by Sonja
             ... wielding a +2 dagger of draining
              (4 damage)
             ... in the Dungeon (Sprint I: "Red Sonja").
             The game lasted 00:00:49 (1187 turns).

Zeld the Cleaver (Minotaur Berserker)               Turns: 1187, Time: 00:00:49

HP:   0/36 (62)     AC:  2    Str: 24    XL:     6   Next: 74%
MP:   5/5           EV: 15    Int:  4    God:    Trog [**....]
Gold: 297           SH:  0    Dex:  9    Spells: 5/5 levels left

rFire    . . .     SeeInvis .   a - +0 hand axe
rCold    . . .     Faith    .   (no shield)
rNeg     . . .     Spirit   .   b - +0 animal skin
rPois    .         Reflect  .   (helmet restricted)
rElec    .         Harm     .   (no cloak)
rCorr    .         Rampage  .   (no gloves)
Will     ++...     NoTele   +   (no boots)
Stlth    +.........             (no amulet)
HPRegen  1.12/turn              (no ring)
MPRegen  0.09/turn              (no ring)

@: berserk cooldown, regenerating, slowed, very heavily drained, very slow
A: retaliatory headbutt, horns 2
a: Renounce Religion, Berserk, Trog's Hand


You were in the Dungeon.
You worshipped Trog.
Trog was pleased with you.
You visited 1 branch You collected 297 gold pieces.

Inventory:

Hand Weapons
 a - a +0 hand axe (weapon)
Armour
 b - a +0 animal skin (worn)
Wands
 i - a wand of flame (14)
Scrolls
 h - a scroll of blinking
Potions
 e - a potion of haste
 f - 2 potions of magic
 g - a potion of berserk rage


   Skills:
 + Level 8.6 Fighting
 * Level 11.4 Axes
 + Level 8.1 Armour
 + Level 7.4 Dodging


You had 5 spell levels left.
You didn't know any spells.
Your spell library was empty.

Dungeon Overview and Level Annotations

Branches:
Dungeon (1/1)

Altars:
Cheibriados
Dithmenos
Elyvilon
Fedhas
Gozag
Hepliaklqana
Kikubaaqudgha
Nemelex Xobeh
Okawaru
Qazlal
Ru
Sif Muna
Trog
Uskayaw
Vehumet
Wu Jian
Yredelemnul
Zin
The Shining One

Shops:
D (

Annotations:
D Sonja


Innate Abilities, Weirdness & Mutations

You reflexively headbutt those who attack you in melee.
You have a pair of horns on your head.


Message History

You feel drained. Sonja barely misses you.
Sonja hits you with a +2 dagger of draining.
You feel drained.
Sonja hits you with a +2 dagger of draining.
* * * LOW HITPOINT WARNING * * *
You feel drained.
* * * LOW HITPOINT WARNING * * *
Sonja barely misses you.
Unknown command.
Unknown command.
Your skin crawls.
You feel strong-willed. Sonja hits you but does no damage.
You feel drained.
Sonja hits you with a +2 dagger of draining.
* * * LOW HITPOINT WARNING * * *
You feel drained.
* * * LOW HITPOINT WARNING * * *
Sonja hits you but does no damage.
You feel drained.
Sonja hits you with a +2 dagger of draining.
You die...

################
#<.#..)..#..'..#
#..').#..').#..+
#..#####'#####'#
#..####..#...#(#
#..#__####@.##:#
#..#_____##K#§.+
#⌠⌠#_.∩...÷.((_#
####_.._K##_(#'#
#_____###'#)#
####### #.###
$.$ $.$ ##.##


You could see Sonja.

Vanquished Creatures
  Sigmund (D)
  A yak (D)
  An ogre (D)
  A jelly (D)
  Ijyb (D)
5 creatures vanquished.

Vanquished Creatures (others)
  A gargoyle (D)
1 creature vanquished.

Grand Total: 6 creatures vanquished

Notes
Turn   | Place    | Note
-------+----------+-------------------------------------------
     0 | D        | Zeld the Minotaur Berserker began the quest for the Orb.
     0 | D        | Reached XP level 1. HP: 19/19 MP: 0/0
     2 | D        | Noticed Ijyb
     9 | D        | Killed Ijyb
    10 | D        | Reached skill level 5 in Axes
    10 | D        | Reached XP level 2. HP: 17/28 MP: 1/1
   333 | D        | Noticed an ogre
   336 | D        | Killed an ogre
   337 | D        | Reached skill level 7 in Axes
   337 | D        | Reached skill level 5 in Armour
   337 | D        | Reached XP level 3. HP: 34/37 MP: 2/2
   337 | D        | Reached XP level 4. HP: 41/44 MP: 3/3
   533 | D        | Noticed Sigmund
   543 | D        | Killed Sigmund
   543 | D        | Reached ** piety under Trog
   544 | D        | Reached skill level 10 in Axes
   544 | D        | Reached XP level 5. HP: 52/53 MP: 4/4
   544 | D        | Reached XP level 6. HP: 61/61 MP: 5/5
   555 | D        | Killed a gargoyle
   781 | D        | Found an ornate altar of the Wu Jian Council.
   781 | D        | Found a shimmering blue altar of Sif Muna.
   783 | D        | Found a radiant altar of Vehumet.
   819 | D        | Found Zoitzed's Weapon Emporium.
   819 | D        | Found an ancient bone altar of Kikubaaqudgha.
   819 | D        | Found a hazy altar of Hepliaklqana.
   819 | D        | Found a stormy altar of Qazlal.
   819 | D        | Found a hide-covered altar of Uskayaw.
   819 | D        | Found a blossoming altar of Fedhas.
   819 | D        | Found a bloodstained altar of Trog.
   819 | D        | Found an iron altar of Okawaru.
   819 | D        | Found a basalt altar of Yredelemnul.
   819 | D        | Found a glowing golden altar of the Shining One.
   819 | D        | Found a snail-covered altar of Cheibriados.
   819 | D        | Found a sacrificial altar of Ru.
   819 | D        | Found a glowing silver altar of Zin.
   819 | D        | Found a shadowy altar of Dithmenos.
   819 | D        | Found a white marble altar of Elyvilon.
   819 | D        | Noticed a yak
   822 | D        | Killed a yak
   823 | D        | Reached skill level 11 in Axes
   823 | D        | Found an opulent altar of Gozag.
   824 | D        | Found a sparkling altar of Nemelex Xobeh.
  1172 | D        | Noticed Sonja
  1187 | D        | Slain by Sonja

Illustrated notes

Levels and vault maps discovered:
D:        dungeon_sprint_1 [red_sonja_temple_1, red_sonja_temple_small_1]

Skill      XL: |  1  2  3  4  5  6 |
---------------+-------------------+-----
Fighting       | 4 6 7 8 |  8.6
Axes           | 5 7 10 11 | 11.4
Armour         | 3 5 7 8 |  8.1
Dodging        | 3 4 6 7 |  7.4

Action                   |  1- 3 |  4- 6 || total
-------------------------+-------+-------++-------
Melee: Hand axe          |     7 |    16 ||    23
       Headbutt          |     1 |     2 ||     3
Invok: Berserk           |     2 |     3 ||     5
       Trog's Hand       |       |     1 ||     1
  Use: Potion            |       |     2 ||     2
Armor: Animal skin       |     1 |     3 ||     4
Dodge: Dodged            |     3 |    16 ||    19
